 Dungeon Crawl Stone Soup version 0.30-a0-722-g3e6e8c874d (webtiles) character file.

Game seed: 10363328443330145695

264723 browni3141 the Brawler (level 19, -5/203 HPs)
             Began as a Troll Berserker on Jan 27, 2023.
             Was a High Priest of Trog.
             Killed from afar by a deep elf sorcerer (45 damage)
             ... with damnation
             ... on level 3 of the Elven Halls on Jan 28, 2023.
             The game lasted 01:35:21 (36420 turns).

browni3141 the Brawler (Troll Berserker)           Turns: 36420, Time: 01:35:22

Health: -5/203     AC: 10    Str: 46    XL:     19   Next: 28%
Magic:  27/27      EV: 13    Int:  2    God:    Trog [*****.]
Gold:   2513       SH: 26    Dex:  8    Spells: 18/18 levels left

rFire   + . .      SeeInvis .      - Unarmed
rCold   + . .      Faith    .    a - +2 tower shield {rPois}
rNeg    . . .      Spirit   .    Y - +0 troll leather armour
rPois   +          Reflect  +    s - +0 hat of Xecas {+Blink}
rElec   .          Harm     .    O - +0 cloak {rC+}
rCorr   .          Rampage  .    (gloves unavailable)
Will    +++..                    (boots unavailable)
Stlth   ++                       d - amulet of reflection
HPRegen 3.13/turn                c - ring of the Octopus King {HP+2 MP+9 AC+2 EV+2 SH+2}
MPRegen 0.20/turn                e - ring "Plog" {rPois rF+ Str+6 Stlth+}

@: lethally poisoned (-5 -> -5), strong-willed, regenerating
A: large, unfitting armour, claws 3, regeneration 1, shaggy fur 1, tough skin 1,
strong 1
}: 2/15 runes: serpentine, barnacled
a: Renounce Religion, Evoke Blink, Berserk, Trog's Hand, Brothers in Arms


You were on level 3 of the Elven Halls.
You worshipped Trog.
Trog was extremely pleased with you.
You visited 6 branches of the dungeon, and saw 33 of its levels.
You also visited: Bailey and Ice Cave.

You collected 3870 gold pieces.
You spent 1357 gold pieces at shops.

Inventory:

Missiles
 u - 36 large rocks (quivered)
 v - 9 curare-tipped darts
 w - 5 atropa-tipped darts
 y - 5 throwing nets
 I - 2 silver javelins
 M - 3 silver boomerangs
 S - 16 boomerangs
Armour
 a - a +2 tower shield of poison resistance (worn)
 s - the +0 hat of Xecas (worn) {+Blink}
   (You found it on level 15 of the Dungeon)

   +Blink:    It lets you blink.
 O - a +0 cloak of cold resistance (worn)
 Q - a +2 robe of cold resistance
 Y - a +0 troll leather armour (worn)
Jewellery
 c - a ring of the Octopus King (left claw) {HP+2 MP+9 AC+2 EV+2 SH+2}
   (You found it on level 15 of the Dungeon)

   [ring of magical power]

   AC:        It affects your AC (+2).
   EV:        It affects your evasion (+2).
   HP:        It affects your health (+2).
   MP:        It affects your magic capacity (+9).
   SH:        It affects your SH (+2).
 d - an amulet of reflection (around neck)
 e - the ring "Plog" (right claw) {rPois rF+ Str+6 Stlth+}
   (You bought it in a shop on level 2 of the Orcish Mines)

   [ring of strength]

   Str:       It affects your strength (+6).
   rF:        It protects you from fire.
   rPois:     It protects you from poison.
   Stlth:     It makes you more stealthy.
 f - a ring of willpower
 l - a ring of ice
 p - a +6 ring of dexterity
 t - a ring of fire
 H - an amulet of magic regeneration
 L - a +5 ring of evasion
 P - a ring of ice
 T - a ring of resist corrosion
 U - a ring of protection from fire
 W - a ring of protection from cold
 Z - a ring of see invisible
Wands
 o - a wand of roots (26)
 B - a wand of charming (36)
 D - a wand of mindburst (41)
 E - a wand of flame (51)
 J - a wand of polymorph (12)
 K - a wand of light (12)
Potions
 h - 7 potions of might
 i - 2 potions of ambrosia {unknown}
 j - 3 potions of flight
 k - 20 potions of curing
 n - 9 potions of degeneration
 q - 5 potions of magic
 x - 4 potions of brilliance
 z - 3 potions of attraction
 A - 3 potions of haste
 C - 6 potions of heal wounds
 F - a potion of berserk rage {unknown}
 G - 6 potions of lignification
 N - a potion of cancellation
 R - a potion of mutation
 V - 3 potions of resistance
 X - 4 potions of invisibility
Miscellaneous
 g - a phial of floods
 m - a box of beasts
 r - a phantom mirror (inert)


   Skills:
 * Level 15.1 Fighting
 + Level 13.5 Throwing
 - Level 5.0 Armour
 + Level 11.1 Dodging
 - Level 1.0 Stealth
 + Level 15.7 Shields
 * Level 17.8 Unarmed Combat


You had 18 spell levels left.
You didn't know any spells.
Your spell library was empty.

Dungeon Overview and Level Annotations

Branches:
Dungeon (15/15)            Temple (0/1) D:6            Lair (5/5) D:10
 Shoals (4/4) Lair:2        Snake (4/4) Lair:3        Slime (0/5) Lair:4
    Orc (2/2) D:9             Elf (3/3) Orc:2        Vaults (0/5) D:13
 Depths (0/4) D:15         Bailey (visited)           IceCv (visited)

Altars:
Dithmenos
Fedhas
Gozag
Kikubaaqudgha
Makhleb
Nemelex Xobeh
Qazlal
Ru
Sif Muna
Wu Jian
Zin
The Shining One
Jiyva

Shops:
D:1 [   D:5 *   D:6 [   D:9 [   Orc:1 (   Orc:2 (*=[   Snake:2 :?

Portals:
Trove: D:15 (give 2 scrolls of acquirement)

Annotations:
Snake:1 2 transporters, exclusion: downstairs, Valamore's ghost, journeyman MiFi
Orc:1 exclusion: 2 downstairs
Elf:2 6 runed translucent doors, exclusion: 3 doors, Eveboq's ghost, adept HuCj; Onuviolink's ghost, journeyman DEEE


Innate Abilities, Weirdness & Mutations

You are too large for most types of armour.
You have claws for hands.
Your natural rate of healing is unusually fast.
You are covered in fur. (AC +1)
You have tough skin. (AC +1)
Your muscles are strong. (Str +4, Int/Dex -1)


Message History

Your ogre hits the deep elf blademaster with a +0 giant club!!!
The deep elf blademaster dies!
Trog accepts your kill.
You hear a shout! x7
Unknown command.
Throw: 37 large rocks
Press: ? - help, Q - select action, (/) - cycle Shift-Dir - straight line, f - deep elf sorcerer, p - deep elf annihilator
Aim: a deep elf sorcerer, wielding a +0 short sword and wearing a +0 leather armour (fast, spells empowered, 61% to hit)
You throw a large rock.
The large rock hits the deep elf annihilator!!!
The deep elf annihilator is almost dead.
The deep elf annihilator dies!
Trog accepts your kill.
Trog appreciates your killing of a magic user.
The deep elf annihilator gestures at you while chanting.
The poison arrow hits you!!
You are poisoned.
You partially resist.
The deep elf sorcerer points at you and mumbles some strange words.
The bolt of acid hits you!!
The deep elf sorcerer's eyes start to glow.
Your skin crawls.
You feel strong-willed.
You feel very sick.
The deep elf sorcerer hits your ogre with a +0 short sword.
Your ogre misses the deep elf sorcerer.
The deep elf sorcerer hits your ogre with a +0 short sword!
The deep elf annihilator gestures at you while chanting.
The iron shot hits your ogre!!!
Your ogre dies!
Your ogre's corpse disappears in a puff of smoke!
Your ogre goes berserk!
You feel sick.
The deep elf sorcerer gestures at you while chanting.
The sphere of damnation explodes!
The damnation engulfs you!!!
* * * LOW HITPOINT WARNING * * *
The damnation engulfs your ogre!
The deep elf sorcerer gestures at you while chanting.
The sphere of damnation explodes!
The damnation engulfs you!!!
You die... ee(

.e# #(e# #e(# #).# #))#
###############e(#############
#......'.....@§e.e........#...
#......#.....)O#(.).......#...
#......#.......#(.)......)'...
####'###'########'##########'#
#.............................
#.............................
##############################
#≈≈≈≈≈≈≈≈≈≈≈≈≈≈≈≈≈≈≈≈≈≈≈≈≈≈≈≈≈
#≈~≈≈~~~~~~~~~~~~~≈~≈≈~~~~~~≈~


You could see a deep elf annihilator (empowered), 2 deep elf sorcerers and a
friendly ogre (summoned, berserk).

Vanquished Creatures
  A deep elf master archer (Elf:3)
  Polyphemus (Shoals:2)
  Donald (Snake:4)
  Roxanne (Shoals:2)
  3 nagarajas (Snake:4)
  Louise (Snake:2)
  4 deep elf sorcerers
  3 deep elf elementalists (Elf:3)
  Aizul (Elf:1)
  An orc warlord (Orc:2)
  A reaper (IceCv)
  2 deep elf demonologists
  The ghost of Zenkrye the Fighter, a journeyman HuCA of Ignis (Orc:2)
  3 deep elf annihilators
  4 deep elf death magi
  5 merfolk impalers
  2 merfolk javelineers (Shoals:4)
  Fannar (D:10)
  Erolcha (D:10)
  2 deep elf high priests (Elf:3)
  A rakshasa (D:15)
  4 vault guards (D:13)
  3 hydras
  11 anacondas
  A boulder beetle (D:14)
  3 catoblepae
  7 merfolk aquamancers
  3 merfolk avatars
  2 two-headed ogres
  17 dancing weapons
  7 centaur warriors
  2 alligator snapping turtles
  2 satyrs (Shoals:4)
  A death knight (D:13)
  5 death yaks
  2 tengu warriors
  7 naga sharpshooters
  19 naga warriors
  7 shock serpents
  An orc high priest (Orc:2)
  11 deep elf knights
  Nergalle (Lair:1)
  4 skeletal warriors (D:12)
  28 sea snakes
  6 naga ritualists
  2 salamander mystics
  The ghost of superbruh the Spear-Bearer, a novice DsGl of Hepliaklqana (D:6)
  A glowing orange brain (D:15)
  14 deep elf archers
  A kraken simulacrum (Shoals:4)
  11 harpies
  6 orc knights
  23 deep elf pyromancers
  17 deep elf zephyrmancers
  An orange crystal statue (D:15)
  4 lindwurms (D:8)
  7 orc sorcerers
  10 ugly things
  9 salamanders
  7 elephants (Lair:5)
  22 manticores
  11 mana vipers
  6 cyclopes
  20 naga magi
  A black mamba (shapeshifter) (D:15)
  2 ice statues (IceCv)
  30 black mambas
  7 water nymphs
  11 guardian serpents
  4 molten gargoyles
  6 merfolk sirens
  Psyche (D:10)
  2 torpor snails
  A gargoyle (D:11)
  A yaktaur (Shoals:3)
  12 cane toads
  3 komodo dragons
  3 efreet
  2 unseen horrors
  2 rime drakes
  2 anaconda simulacra (IceCv)
  5 ice devils (IceCv)
  A tyrant leech (Lair:1)
  9 wind drakes
  16 merfolk
  The ghost of SkeletonJelly the Chopper, an amateur DsCK of Xom (D:4)
  2 hornets (Lair:5)
  8 trolls
  A blink frog (shapeshifter) (D:13)
  8 snapping turtles
  17 blink frogs
  17 dream sheep
  15 slime creatures
  7 air elementals
  Sigmund (D:3)
  6 wraiths
  16 water elementals
  A spriggan (Lair:5)
  A dire elephant simulacrum (IceCv)
  8 wyverns
  A fire elemental (Elf:2)
  3 shadows
  A redback (shapeshifter) (Elf:3)
  A basilisk (Lair:1)
  33 yaks
  A golden eye (shapeshifter) (Elf:1)
  14 vampire mosquitoes
  A steam dragon (D:7)
  7 wargs
  5 acid dragons
  51 nagas
  18 water moccasins
  A hydra simulacrum (IceCv)
  43 orc warriors
  4 ice beasts (D:10)
  A black bear (D:5)
  2 sky beasts
  19 centaurs
  3 ogres
  14 wolves
  2 phantoms (D:6)
  A kobold brigand (D:7)
  2 earth elementals
  6 bullfrogs
  3 necrophages
  2 two-headed ogre simulacra (IceCv)
  2 gnoll sergeants
  3 scorpions
  3 cane toad simulacra (IceCv)
  An elephant simulacrum (IceCv)
  8 electric eels
  8 howler monkeys
  A lava snake (D:9)
  4 gnoll boudas
  18 orc priests
  Crazy Yiuf (D:2)
  8 hounds
  10 jellies
  4 iguanas
  27 orc wizards
  4 spriggan simulacra (IceCv)
  A wolf simulacrum (IceCv)
  Robin (D:3)
  13 adders
  30 gnolls
  3 naga simulacra (IceCv)
  2 shadow imps (D:6)
  A white imp (IceCv)
  An ufetubus (IceCv)
  6 worms
  3 dart slugs
  93 orcs
  22 endoplasms
  3 giant cockroaches
  14 hobgoblins
  3 jackals (D:2)
  6 quokkas
  4 ball pythons
  7 bats
  14 frilled lizards
  14 goblins
  12 kobolds
  2 rats (D:1)
1193 creatures vanquished.

Vanquished Creatures (collateral kills)
  A deep elf blademaster (Elf:3)
  An orc warlord (Orc:1)
  2 merfolk javelineers (Shoals:4)
  A merfolk impaler (Shoals:2)
  The ghost of Xutikh the Covert, a journeyman SpCA of Ignis (Lair:4)
  A hydra (Lair:4)
  A catoblepas (Shoals:2)
  A dancing weapon (Elf:1)
  6 death yaks
  A deep elf knight (Elf:1)
  A deep elf zephyrmancer (Elf:1)
  2 harpies (Shoals:2)
  A deep elf archer (Elf:1)
  An orc knight (Orc:2)
  2 deep elf pyromancers (Elf:1)
  A black mamba (Lair:5)
  A komodo dragon (Lair:2)
  A merfolk (Shoals:4)
  4 dream sheep
  3 blink frogs
  A water elemental (Shoals:4)
  2 swamp worms (Lair:1)
  3 orc warriors
  4 wolves
  An orc wizard (Orc:2)
  3 orcs (Orc:2)
47 creatures vanquished.

Vanquished Creatures (others)
  A deep elf annihilator (Elf:3)
  A deep elf pyromancer (Elf:1)
  A slime creature (D:13)
  An orc wizard (D:7)
  2 bushes (Shoals:3)
  22 fungi
  40 plants
  5 withered plants (Elf:2)
73 creatures vanquished.

Grand Total: 1313 creatures vanquished

Notes
Turn   | Place    | Note
-------+----------+-------------------------------------------
     0 | D:1      | browni3141 the Troll Berserker began the quest for the Orb.
     0 | D:1      | Reached XP level 1. HP: 22/22 MP: 0/0
   195 | D:1      | Reached XP level 2. HP: 28/29 MP: 1/1
   196 | D:1      | Reached skill level 1 in Stealth
   205 | D:1      | Found Tow Pyof's Antique Armour Shop.
   305 | D:1      | You fall into a shaft and drop 1 floor!
   415 | D:2      | Reached XP level 3. HP: 35/36 MP: 2/2
   861 | D:2      | Reached XP level 4. HP: 43/44 MP: 3/3
   876 | D:2      | Reached ** piety under Trog
   914 | D:2      | Reached skill level 4 in Unarmed Combat
  1457 | D:2      | Found a runed translucent door.
  1458 | D:2      | Noticed Crazy Yiuf
  1465 | D:2      | Killed Crazy Yiuf
  1573 | D:3      | Reached XP level 5. HP: 53/53 MP: 4/4
  1575 | D:3      | Noticed Sigmund
  1585 | D:3      | Killed Sigmund
  1586 | D:3      | Reached skill level 1 in Throwing
  1586 | D:3      | Reached XP level 6. HP: 61/61 MP: 5/5
  1608 | D:3      | Found an ancient bone altar of Kikubaaqudgha.
  2053 | D:3      | Noticed Robin
  2069 | D:3      | Killed Robin
  2618 | D:4      | Reached *** piety under Trog
  2642 | D:4      | Found an opulent altar of Gozag.
  2672 | D:4      | Reached skill level 5 in Unarmed Combat
  2729 | D:4      | Found a sparkling altar of Nemelex Xobeh.
  2871 | D:4      | Found a runed translucent gate.
  2871 | D:4      | Found a runed translucent gate.
  2872 | D:4      | Found a runed translucent gate.
  2873 | D:4      | Noticed SkeletonJelly's ghost (amateur DsCK)
  3078 | D:4      | Killed SkeletonJelly's ghost
  3079 | D:4      | Reached XP level 7. HP: 56/70 MP: 6/6
  3105 | D:5      | Entered Level 5 of the Dungeon
  3126 | D:5      | Found Doekly Kimo's Lightly-Used Armoury.
  3367 | D:5      | Found an ornate altar of the Wu Jian Council.
  3453 | D:5      | Reached XP level 8. HP: 79/79 MP: 7/7
  3459 | D:5      | Reached skill level 6 in Unarmed Combat
  3551 | D:5      | Found a burning altar of Makhleb.
  3554 | D:5      | Noticed a green death
  3557 | D:5      | Found a glowing silver altar of Zin.
  3557 | D:5      | Noticed an angel
  3874 | D:6      | Reached skill level 5 in Fighting
  3951 | D:6      | Found a staircase to the Ecumenical Temple.
  3962 | D:6      | Found the +1 Delatra's gloves {ID++}
  3984 | D:6      | Found a transporter.
  3986 | D:6      | Found a transporter.
  3986 | D:6      | Noticed superbruh's ghost (novice DsGl)
  4131 | D:6      | Found Olonoqoery's Antique Armour Boutique.
  4159 | D:6      | Reached **** piety under Trog
  4333 | D:6      | Reached skill level 7 in Unarmed Combat
  4344 | D:6      | Reached skill level 5 in Throwing
  4571 | D:6      | Killed superbruh's ghost
  4572 | D:6      | Reached XP level 9. HP: 89/89 MP: 8/8
  4794 | D:7      | Identified the +2 cloak "Jaocluyhee" {rPois}
  4831 | D:7      | Reached skill level 8 in Unarmed Combat
  4910 | D:7      | Found a flagged portal.
  4917 | Bailey   | Entered a bailey
  5009 | Bailey   | Reached skill level 5 in Dodging
  5359 | Bailey   | Reached XP level 10. HP: 92/100 MP: 9/9
  6085 | D:7      | Reached skill level 9 in Unarmed Combat
  6632 | D:8      | Noticed a lindwurm
  6633 | D:8      | Noticed a lindwurm
  6634 | D:8      | Noticed a lindwurm
  6655 | D:8      | Noticed a lindwurm
  6714 | D:8      | Killed a lindwurm
  6721 | D:8      | Killed a lindwurm
  6743 | D:8      | Killed a lindwurm
  6748 | D:8      | Killed a lindwurm
  7105 | D:8      | Lost intelligence.
  7364 | D:9      | Reached XP level 11. HP: 93/111 MP: 10/10
  7509 | D:9      | Reached skill level 10 in Unarmed Combat
  8191 | D:9      | Found Zesuax's Armour Boutique.
  8331 | D:9      | Found a staircase to the Orcish Mines.
  8402 | D:10     | Entered Level 10 of the Dungeon
  8431 | D:10     | Reached ***** piety under Trog
  8516 | D:10     | Found a staircase to the Lair.
  8583 | Lair:1   | Entered Level 1 of the Lair of Beasts
  8707 | Lair:1   | Reached skill level 11 in Unarmed Combat
  8773 | Lair:1   | Found a frozen archway.
  8788 | IceCv    | Entered an ice cave
  8861 | IceCv    | Reached XP level 12. HP: 86/123 MP: 11/11
  9459 | IceCv    | Noticed a reaper
  9485 | IceCv    | Killed a reaper
  9655 | Lair:1   | Noticed Nergalle
  9669 | Lair:1   | Killed Nergalle
  9670 | Lair:1   | Reached skill level 10 in Throwing
  9828 | Lair:1   | Reached skill level 1 in Shields
 10643 | Lair:2   | Received a gift from Trog
 10706 | Lair:2   | Found a staircase to the Shoals.
 10804 | Lair:2   | Reached skill level 5 in Shields
 11581 | Lair:2   | Found the +8 whip "Snakebite" {venom, curare, rPois}
 12207 | Lair:2   | Reached XP level 13. HP: 94/132 MP: 12/12
 12417 | Lair:3   | Found a staircase to the Snake Pit.
 13401 | Lair:4   | Found a staircase to the Slime Pits.
 13401 | Lair:4   | Found a viscous altar of Jiyva.
 13696 | Lair:4   | Found a glowing golden altar of the Shining One.
 13894 | Lair:4   | Found a runed translucent door.
 13895 | Lair:4   | Noticed Xutikh's ghost (journeyman SpCA)
 14133 | Lair:4   | Reached skill level 10 in Shields
 14498 | Lair:4   | Killed Xutikh's ghost
 14622 | Lair:5   | Entered Level 5 of the Lair of Beasts
 15169 | Lair:5   | Reached XP level 14. HP: 101/141 MP: 13/13
 15982 | Orc:1    | Entered Level 1 of the Orcish Mines
 16387 | Orc:1    | Found Kenost's Antique Weapon Boutique.
 16658 | Orc:2    | Entered Level 2 of the Orcish Mines
 16769 | Orc:2    | Noticed an orc warlord
 16883 | Orc:2    | Killed an orc warlord
 16947 | Orc:2    | Found a runed translucent door.
 16947 | Orc:2    | Noticed Zenkrye's ghost (journeyman HuCA)
 16980 | Orc:2    | Reached skill level 10 in Fighting
 17003 | Orc:2    | Reached skill level 12 in Unarmed Combat
 17101 | Orc:2    | Found a staircase to the Elven Halls.
 17259 | Orc:2    | Noticed an orc warlord
 17380 | Orc:1    | Killed an orc warlord
 17462 | Orc:2    | Found Meis's Antique Weapon Shop.
 17469 | Orc:2    | Found Omitoek's Jewellery Shop.
 17737 | Orc:2    | Found Orucoirr's Antique Armour Shop.
 17752 | Orc:2    | Found Vapel's General Store.
 17964 | Orc:2    | Killed Zenkrye's ghost
 18004 | Orc:2    | Bought an amulet of reflection for 330 gold pieces
 18004 | Orc:2    | Bought the ring "Plog" {rPois rF+ Str+6 Stlth+} for 627
                  | gold pieces
 18027 | Orc:2    | Bought a ring of willpower for 400 gold pieces
 18716 | D:10     | Noticed Psyche
 18726 | D:10     | Killed Psyche
 18753 | D:10     | Noticed Fannar
 18759 | D:10     | Noticed Erolcha
 18762 | D:10     | Killed Fannar
 18770 | D:10     | Killed Erolcha
 18891 | D:10     | Found a stormy altar of Qazlal.
 18897 | D:10     | Found a blossoming altar of Fedhas.
 19118 | D:10     | Found a shadowy altar of Dithmenos.
 19514 | D:12     | Reached skill level 1 in Armour
 20397 | D:12     | Received a gift from Trog
 21146 | D:12     | Reached XP level 15. HP: 130/152 MP: 14/14
 21338 | D:13     | Reached skill level 13 in Unarmed Combat
 21674 | D:13     | Found a gate to the Vaults.
 22048 | D:14     | Received a gift from Trog
 22497 | D:15     | Entered Level 15 of the Dungeon
 22584 | D:15     | Found the ring of the Octopus King
 22917 | D:15     | Found a portal to a secret trove of treasure.
 22933 | D:15     | Found a sacrificial altar of Ru.
 23252 | D:15     | Found a staircase to the Depths.
 23332 | D:15     | Identified the +0 hat of Xecas {+Blink}
 23334 | D:15     | Identified a ring of the Octopus King {HP+2 MP+9 AC+2 EV+2
                  | SH+2}
 23505 | Snake:1  | Entered Level 1 of the Snake Pit
 23510 | Snake:1  | Found an ornate altar of the Wu Jian Council.
 23808 | Snake:1  | Identified the +5 chain mail of Fece {rC+ rN+++ rCorr
                  | Stlth-}
 23874 | Snake:1  | Found a transporter.
 23882 | Snake:1  | Noticed Valamore's ghost (journeyman MiFi)
 23948 | Snake:1  | Received a gift from Trog
 24278 | Snake:1  | Reached skill level 5 in Armour
 24286 | Snake:1  | Reached XP level 16. HP: 165/165 MP: 15/15
 24358 | Snake:1  | Reached skill level 14 in Unarmed Combat
 24383 | Snake:1  | Found a transporter.
 24995 | Snake:2  | Found Lajempao's Magic Scroll Boutique.
 25031 | Snake:2  | Found Reit's Book Boutique.
 25337 | Snake:2  | Noticed Louise
 25362 | Snake:2  | Killed Louise
 25452 | Snake:2  | Found a glowing silver altar of Zin.
 27028 | Snake:4  | Entered Level 4 of the Snake Pit
 27034 | Snake:3  | Reached skill level 15 in Unarmed Combat
 28087 | Snake:4  | Received a gift from Trog
 28168 | Snake:4  | Reached XP level 17. HP: 130/175 MP: 9/16
 28404 | Snake:4  | Noticed Donald
 28425 | Snake:4  | Killed Donald
 28663 | Snake:4  | Reached ****** piety under Trog
 28685 | Snake:4  | Got a serpentine rune of Zot
 28889 | Shoals:1 | Entered Level 1 of the Shoals
 28914 | Shoals:1 | Received a gift from Trog
 28978 | Shoals:1 | Gained mutation: You have hidden genetic defects. [potion
                  | of mutation]
 28978 | Shoals:1 | Gained mutation: Potions are less effective at restoring
                  | your health. [potion of mutation]
 28978 | Shoals:1 | Gained mutation: You are occasionally teleported next to
                  | monsters. [potion of mutation]
 28979 | Shoals:1 | Lost mutation: Potions are less effective at restoring your
                  | health. [potion of mutation]
 28979 | Shoals:1 | Lost mutation: You are occasionally teleported next to
                  | monsters. [potion of mutation]
 28979 | Shoals:1 | Lost mutation: You have hidden genetic defects. [potion of
                  | mutation]
 28979 | Shoals:1 | Gained mutation: You are frail. (-10% HP) [potion of
                  | mutation]
 28979 | Shoals:1 | Gained mutation: Your mind is acute. (Int +4, Str/Dex -1)
                  | [potion of mutation]
 28979 | Shoals:1 | Gained mutation: You are clumsy. (Dex -2) [potion of
                  | mutation]
 29258 | Shoals:2 | Noticed Roxanne
 29274 | Shoals:2 | Killed Roxanne
 29555 | Shoals:2 | Noticed Polyphemus
 29565 | Shoals:2 | Killed Polyphemus
 29566 | Shoals:2 | Reached skill level 16 in Unarmed Combat
 29576 | Shoals:2 | Reached skill level 10 in Dodging
 29844 | Shoals:3 | Received a gift from Trog
 30557 | Shoals:4 | Entered Level 4 of the Shoals
 30728 | Shoals:3 | Reached skill level 15 in Shields
 31079 | Shoals:4 | Identified the +9 spear "Dourph" {heavy, rElec}
 31211 | Shoals:4 | Reached XP level 18. HP: 169/169 MP: 17/17
 31358 | Shoals:4 | Identified the +5 chain mail "Jodic" {rC+ rN+ Str-3}
 31465 | Shoals:4 | Received a gift from Trog
 31548 | Shoals:4 | Got a barnacled rune of Zot
 32865 | Elf:1    | Entered Level 1 of the Elven Halls
 33407 | Elf:1    | Paralysed by an air elemental for 1 turns
 33645 | Elf:1    | Reached skill level 17 in Unarmed Combat
 33961 | Elf:1    | Paralysed by an air elemental for 1 turns
 33967 | Elf:1    | Paralysed by an air elemental for 1 turns
 34046 | Elf:1    | Noticed Aizul
 34057 | Elf:1    | Killed Aizul
 34741 | Elf:1    | Lost mutation: Your mind is acute. (Int +4, Str/Dex -1)
                  | [potion of mutation]
 34741 | Elf:1    | Lost mutation: You are clumsy. (Dex -2) [potion of
                  | mutation]
 34741 | Elf:1    | Lost mutation: You are frail. (-10% HP) [potion of
                  | mutation]
 34741 | Elf:1    | Gained mutation: Your muscles are strong. (Str +4, Int/Dex
                  | -1) [potion of mutation]
 34804 | Elf:1    | Found a shimmering blue altar of Sif Muna.
 34934 | Elf:2    | Paralysed by an air elemental for 1 turns
 34994 | Elf:2    | Received a gift from Trog
 35014 | Elf:2    | Found a runed translucent gate.
 35016 | Elf:2    | Found a runed translucent gate.
 35016 | Elf:2    | Found a runed translucent gate.
 35148 | Elf:2    | Found a runed translucent gate.
 35149 | Elf:2    | Found a runed translucent gate.
 35150 | Elf:2    | Found a runed translucent gate.
 35151 | Elf:2    | Noticed Onuviolink's ghost (journeyman DEEE)
 35152 | Elf:2    | Noticed Eveboq's ghost (adept HuCj)
 35454 | Elf:3    | Entered Level 3 of the Elven Halls
 35476 | Elf:3    | Reached XP level 19. HP: 200/200 MP: 18/18
 35783 | Elf:3    | Reached skill level 15 in Fighting
 35946 | Elf:3    | Paralysed by an air elemental for 1 turns
 36420 | Elf:3    | Killed from afar by a deep elf sorcerer

Illustrated notes

Levels and vault maps discovered:
D:1:      lightli_arrival_isolated_outpost, layout_basic, serial_shops, shop
D:2:      layout_loops_ring, chequers_serial_rivers_room_a,
          uniq_crazy_yiuf_cottage
D:3:      layout_basic, mainiacjoe_overflow_boulevard, uniq_robin, uniq_sigmund
D:4:      layout_gridville, old_standard_altar, grunt_gozag_statues,
          ebering_ghost_rock_garden, dreamdust_wishing_well
D:5:      layout_basic, grunt_temple_overflow_order_and_chaos_2,
          old_standard_altar, minmay_shop_damaged,
          hangedman_abyss_or_decor_stagger, minmay_lizard_king
D:6:      layout_cave_pools, minmay_temple_entry_mini_moons, serial_shops,
          nicolae_take_the_stairs, gammafunk_ghost_arena
D:7:      layout_basic, enter_bailey_2
D:8:      layout_basic, minmay_lindwurm_lava
D:9:      layout_basic, david_orc_4, serial_shops, shop, minivault_8
D:10:     layout_gridville, grunt_temple_overflow_forces_of_nature,
          lemuel_coloured_pillars_altar, hellmonk_lair_entry_icy, uniq_fannar,
          uniq_psyche, uniq_erolcha
D:11:     layout_rooms, serial_glass, glass_columns_a, glass_columns_a
D:12:     layout_irregular_city
D:13:     layout_big_octagon, lightli_vaults_fourway_checkpoint
D:14:     layout_loops_ring, kennysheep_flooded_box
D:15:     gammafunk_enter_depths_forms, layout_basic, nicolae_ru_path_of_blood,
          enter_trove_1, minivault_15
Lair:1:   layout_cave_pods, portal_ice_cave_entry_pillars_2, worms_lemuel,
          uniq_nergalle
Lair:2:   minmay_guarded_unrand_snakebite, layout_layer_cave,
          minmay_shoals_entry_beasts, chequers_serial_rivers_micro_e
Lair:3:   layout_concentric_octagons, minmay_snake_entry_guardpost_large,
          grunt_megastairs_1, serial_bayou_shore_a, serial_bayou_shore_b,
          infiniplex_staircase_pool_2
Lair:4:   lemuel_slime, layout_hall_layers, nicolae_slime_entry_slimehenge,
          ebering_ghost_inner_flame, nicolae_quartered_pool_super,
          lemuel_centaur_altar
Lair:5:   hangedman_lair_in_review, layout_concentric_octagons, wad_woods_03
Shoals:1: layout_shoals
Shoals:2: layout_shoals, uniq_roxanne, uniq_polyphemus
Shoals:3: layout_shoals, yaktaur_hedge
Shoals:4: shoals_end_grunt_ice, layout_shoals
Snake:1:  layout_onion, gammafunk_ghost_arena, basic_altar,
          hangedman_snake_wide_pillar_pass
Snake:2:  layout_onion, basic_altar, minmay_shop_star, lemuel_fruit_tree,
          uniq_louise
Snake:3:  layout_basic, grunt_ministairs_14
Snake:4:  grunt_snake_rune_pools, layout_cave_town, grunt_megastairs_5,
          uniq_donald
Orc:1:    layout_caves, serial_shops, shop
Orc:2:    grunt_orc_cross, layout_caves, basic_altar,
          hellmonk_ghost_happy_afterlife
Elf:1:    eino_elf_arrival_shootout, layout_gridlike,
          hangedman_elven_crosses_minicolossus, grunt_ministairs_11, hex_medium,
          lemuel_upstairs_altar, uniq_aizul
Elf:2:    nicolae_elf_blades_crystal_corner, layout_loops_ring,
          gammafunk_ghost_cemetery, due_unseen_surprise
Elf:3:    minmay_elf_hall_dome, layout_geoelf_castle

Skill      XL: |  1  2  3  4  5  6  7  8  9 10 11 12 13 14 15 16 17 18 19 |
---------------+----------------------------------------------------------+-----
Stealth        | 1 |  1.0
Unarmed Combat | 4 5 7 8 9 11 12 13 15 16 17 | 17.8
Fighting       | 3 4 6 8 9 10 11 12 13 14 15 | 15.1
Dodging        | 3 4 5 6 7 8 9 10 11 | 11.1
Throwing       | 1 2 3 5 6 8 9 10 11 12 13 | 13.5
Shields        | 7 12 13 14 15 | 15.7
Armour         | 1 5 |  5.0

Action                     |  1- 3 |  4- 6 |  7- 9 | 10-12 | 13-15 | 16-18 | 19-21 || total
---------------------------+-------+-------+-------+-------+-------+-------+-------++-------
  Melee: Unarmed           |   102 |   187 |   297 |   643 |  1350 |  1121 |    52 ||  3752
         Punch             |     1 |     3 |     9 |    28 |    36 |       |       ||    77
  Throw: Large rock        |       |     1 |     2 |    10 |     9 |    53 |     1 ||    76
         Javelin           |       |       |    10 |    35 |    64 |   224 |    62 ||   395
         Dart              |       |       |       |     5 |       |       |       ||     5
         Boomerang         |       |       |       |       |    18 |   195 |       ||   213
 Invoke: Berserk           |     1 |     4 |     8 |    18 |    14 |    23 |       ||    68
         Trog's Hand       |       |     1 |       |     3 |     9 |     4 |     1 ||    18
         Brothers in Arms  |       |       |       |     3 |     8 |     8 |     3 ||    22
  Evoke: Wand              |       |       |       |     4 |     3 |     6 |     3 ||    16
         Phial of floods   |       |       |       |       |     1 |       |       ||     1
         Phantom mirror    |       |       |       |       |       |       |     1 ||     1
    Use: Potion            |       |       |       |     6 |     7 |     7 |       ||    20
   Stab: Sleeping          |       |     2 |     1 |       |     5 |     8 |       ||    16
         Petrified         |       |       |       |       |     4 |     2 |       ||     6
 Armour: Animal skin       |    42 |    51 |   104 |   117 |       |       |       ||   314
         Robe              |       |       |       |    35 |    93 |       |       ||   128
         Troll leather arm |       |       |       |       |   165 |   162 |     2 ||   329
  Dodge: Dodged            |    45 |    75 |   198 |   422 |   648 |   287 |    12 ||  1687
  Block: Kite shield       |       |       |       |       |   692 |   409 |       ||  1101
         Reflection        |       |       |       |       |    27 |   145 |    18 ||   190
         Tower shield      |       |       |       |       |       |   733 |    62 ||   795

Table legend: (Time is in decaauts)
 A = Elapsed time spent in this place.
 B = Non-inter-level travel time spent in this place.
 C = Inter-level travel time spent in this place.
 D = Time resting spent in this place.
 E = Time spent auto-exploring this place.
 F = Levels seen in this place.
 G = Mean time per level.
                   A        B        C        D        E       F      G
               +--------+--------+--------+--------+--------+-----+--------+
         Total |  36698 |  33224 |   3474 |   2782 |  21505 |  35 | 1048.5 |
       Dungeon |  13440 |  11842 |   1598 |    876 |   8052 |  15 |  896.0 |
          Lair |   6825 |   6093 |    732 |    337 |   4448 |   5 | 1365.0 |
        Shoals |   3894 |   3507 |    387 |    434 |   2037 |   4 |  973.5 |
     Snake Pit |   5312 |   5098 |    214 |    504 |   3144 |   4 | 1328.0 |
  Orcish Mines |   2261 |   1790 |    471 |    196 |   1002 |   2 | 1130.5 |
   Elven Halls |   3098 |   3027 |     71 |     50 |   2125 |   3 | 1032.7 |
        Bailey |    961 |    961 |      0 |     89 |    470 |   1 |  961.0 |
      Ice Cave |    903 |    903 |      0 |    293 |    226 |   1 |  903.0 |
               +--------+--------+--------+--------+--------+-----+--------+

Top non-repeatable levels by time:
     D:9: 2032 daAuts
  Lair:2: 1801 daAuts
 Snake:4: 1640 daAuts
   Elf:1: 1495 daAuts
 Snake:1: 1367 daAuts
  Lair:4: 1342 daAuts
  Lair:5: 1322 daAuts
    D:10: 1307 daAuts
   Orc:2: 1265 daAuts
 Snake:3: 1253 daAuts
Shoals:4: 1241 daAuts
  Lair:1: 1237 daAuts
  Lair:3: 1121 daAuts
     D:8: 1064 daAuts
 Snake:2: 1050 daAuts
